 Dungeon Crawl Stone Soup version 0.29.1-1-gd02db6906a (webtiles) character file.

Game seed: 12655248579940043471

86 groovy9 the Chopper (level 4, -4/39 HPs)
             Began as a Hill Orc Fighter on Sept 24, 2022.
             Slain by a gnoll
             ... wielding a +0 halberd of venom
              (5 damage)
             ... on level 3 of the Dungeon.
             The game lasted 00:05:46 (1580 turns).

groovy9 the Chopper (Hill Orc Fighter)              Turns: 1580, Time: 00:05:47

Health: -4/39      AC:  6    Str: 20    XL:     4   Next: 50%
Magic:  13/13      EV:  9    Int:  8    God:
Gold:   86         SH:  4    Dex: 10    Spells: 2/3 levels left

rFire   . . .      SeeInvis .   a - +7 war axe (elec)
rCold   . . .      Faith    .   c - +0 buckler
rNeg    . . .      Spirit   .   o - +0 scale mail
rPois   .          Reflect  .   (no helmet)
rElec   .          Harm     .   (no cloak)
rCorr   .          Rampage  .   (no gloves)
Will    .....                   (no boots)
Stlth   ..........              (no amulet)
HPRegen 0.13/turn               f - ring of magical power
MPRegen 0.13/turn               (no ring)

@: mighty, flying
A: no striking features
a: no special abilities


You were on level 3 of the Dungeon.
You visited 1 branch of the dungeon, and saw 3 of its levels.

You collected 86 gold pieces.

Inventory:

Hand Weapons
 a - a +7 war axe of electrocution (weapon)
 b - a +3 vorpal hand crossbow
Missiles
 n - 4 silver javelins (quivered)
Armour
 c - a +0 buckler (worn)
 o - a +0 scale mail (worn)
Jewellery
 e - a ring of fire
 f - a ring of magical power (left hand)
Scrolls
 g - a scroll of noise {unknown}
 k - 2 scrolls of identify
Potions
 h - a potion of haste
 i - a potion of mutation {unknown}
 j - 2 potions of flight
 l - a potion of cancellation {unknown}
 m - a potion of heal wounds {unknown}


   Skills:
 - Level 3.6 Fighting
 + Level 6.1 Axes
 - Level 3.2 Armour
 - Level 3.2 Shields


You had 2 spell levels left.
You knew the following spells:

 Your Spells              Type           Power      Damage    Failure   Level
a - Slow                  Hex            0%         N/A       85%         1

Your spell library contained the following spells:

 Spells                   Type           Power      Damage    Failure   Level
 Sublimation of Blood     Necr           0%         N/A       94%         2
 Wereblood                Tmut           0%         N/A       94%         2
 Confusing Touch          Hex            0%         N/A       99%         3
 Vampiric Draining        Necr           0%         2d6       99%         3
 Summon Hydra             Summ           0%         N/A       100%        7


Dungeon Overview and Level Annotations

Branches:
Dungeon (3/15)

Altars:


Message History

A gnoll comes into view. It is wielding a +0 flail.
The gnoll shouts!
You slash the endoplasm!
You kill the endoplasm!
You hear a shout! x3
The gnoll closely misses you.
A gnoll comes into view. It is wielding a +0 halberd of venom.
You slash the gnoll!
The gnoll is severely wounded.
The gnoll hits you with a +0 flail!
A gnoll comes into view. It is wielding a +0 club.
You slash the gnoll! Lightning courses through the gnoll!
You kill the gnoll!
A gnoll comes into view. It is wielding a +0 spear of venom.
Your Axes skill increases to level 6!
The gnoll drinks a potion.
The gnoll goes berserk!
You see here a +0 flail.
The gnoll rages.
The gnoll hits you from afar with a +0 halberd of venom.
You are poisoned.
You hear an angry hiss.
You feel very sick.
You feel sick. The gnoll barely misses you.
You feel sick.
You feel sick. The gnoll completely misses you.
You feel sick.
You feel sick. The gnoll closely misses you.
You hear an angry hiss.
You feel very mighty all of a sudden.
You feel sick.
The gnoll hits you from afar with a +0 halberd of venom!
* * * LOW HITPOINT WARNING * * *
It was a potion of flight.
You feel very buoyant.
You fly up into the air.
You feel sick.
You are no longer poisoned.
The gnoll barely misses you.
A quokka comes into view.
The gnoll hits you from afar with a +0 halberd of venom.
You die...

#.# #.# ##### #.# #
#######...#####>##
#.#ggg.@..#........#
#####.#r#####...#####..##
..........# ###..().....#
#####.#g#.# #.###.....#
#...)#.# #.# #....<#
#.#..# # #.# #.....#
...#... #.# ##....# #.#
###.. ... ...##.# #. ...
..####.##.#


You could see 3 gnolls and a quokka.

Vanquished Creatures
  A gnoll (D:3)
  2 adders
  3 worms (D:2)
  4 ball pythons
  7 endoplasms
  4 goblins
  2 hobgoblins
  4 quokkas
  10 bats
  4 frilled lizards (D:2)
  4 kobolds (D:1)
  3 rats
48 creatures vanquished.

Notes
Turn   | Place    | Note
-------+----------+-------------------------------------------
     0 | D:1      | groovy9 the Hill Orc Fighter began the quest for the Orb.
     0 | D:1      | Reached XP level 1. HP: 19/19 MP: 1/1
    76 | D:1      | Reached skill level 3 in Axes
   260 | D:1      | Reached XP level 2. HP: 19/26 MP: 2/2
   361 | D:1      | Reached skill level 4 in Axes
   377 | D:1      | Learned a level 1 spell: Slow
   385 | D:1      | Found a faded altar of an unknown god.
   385 | D:1      | Noticed a crimson imp
   863 | D:2      | Identified a scroll of acquirement
   863 | D:2      | Acquired a +7 war axe of electrocution
   899 | D:2      | Reached XP level 3. HP: 27/31 MP: 3/3
  1040 | D:2      | Found Liontoco's Magic Scroll Shoppe.
  1080 | D:2      | Reached skill level 5 in Axes
  1327 | D:2      | Reached XP level 4. HP: 39/39 MP: 4/4
  1491 | D:2      | Acquired a +3 vorpal hand crossbow
  1571 | D:3      | Reached skill level 6 in Axes
  1580 | D:3      | HP: 1/39 [poisoned by a gnoll]
  1580 | D:3      | Slain by a gnoll

Illustrated notes

Levels and vault maps discovered:
D:1:      dpeg_arrival_arbitrary_b, layout_basic,
          dreamdust_ecumenical_altar_sealed_demon
D:2:      layout_loops_ring, serial_shops, shop_fountains
D:3:      layout_loops_ring, lemuel_coloured_pillars_altar

Skill      XL: |  1  2  3  4 |
---------------+-------------+-----
Axes           | 3 4 5 6 |  6.1
Fighting       | |  3.6
Armour         | |  3.2
Shields        | |  3.2

Action                   |  1- 3 |  4- 6 || total
-------------------------+-------+-------++-------
Melee: War axe           |    86 |    17 ||   103
  Use: Scroll            |     2 |     1 ||     3
       Potion            |       |     2 ||     2
Armor: Scale mail        |    53 |     4 ||    57
Dodge: Dodged            |    51 |    10 ||    61
Block: Buckler           |    25 |     2 ||    27
